 Dungeon Crawl Stone Soup version 0.29.1-1-gd02db6906a (webtiles) character file.

Game seed: 15975159687696991206

3269 LabCoat the Fighter (level 9, -10/82 HPs)
             Began as a Minotaur Fighter on Oct 16, 2022.
             Was a Priest of Okawaru.
             Mangled by an orc knight
             ... wielding a +0 battleaxe
              (26 damage)
             ... in a bailey.
             The game lasted 00:25:47 (7899 turns).

LabCoat the Fighter (Minotaur Fighter)              Turns: 7899, Time: 00:25:49

Health: -10/82     AC: 12    Str: 25    XL:     9   Next: 68%
Magic:  11/11      EV:  9    Int:  5    God:    Okawaru [***...]
Gold:   376        SH:  5    Dex: 10    Spells: 8/8 levels left

rFire   . . .      SeeInvis .   b - +0 broad axe
rCold   . . .      Faith    .   c - +0 buckler
rNeg    . . .      Spirit   .   e - +0 chain mail
rPois   .          Reflect  .   (helmet restricted)
rElec   .          Harm     .   n - +0 cloak
rCorr   .          Rampage  .   g - +0 pair of gloves
Will    .....                   (no boots)
Stlth   ..........              (no amulet)
HPRegen 0.23/turn               (no ring)
MPRegen 0.12/turn               (no ring)

@: no status effects
A: horns 2, retaliatory headbutt
a: Renounce Religion, Heroism


You were in a bailey.
You worshipped Okawaru.
Okawaru was most pleased with you.
You visited 2 branches of the dungeon, and saw 8 of its levels.
You also visited: Bailey.

You collected 499 gold pieces.
You spent 123 gold pieces at shops.

Inventory:

Hand Weapons
 a - a +1 vorpal battleaxe
 b - a +0 broad axe (weapon)
 s - a +0 war axe
Missiles
 d - 6 poisoned darts (quivered)
Armour
 c - a +0 buckler (worn)
 e - a +0 chain mail (worn)
 g - a +0 pair of gloves (worn)
 n - a +0 cloak (worn)
Jewellery
 i - a ring of fire
 m - a ring of wizardry
Scrolls
 f - 4 scrolls of teleportation
 h - 4 scrolls of immolation
 r - a scroll of fear
 t - a scroll of blinking
Potions
 l - 3 potions of brilliance
 p - a potion of ambrosia
 q - 2 potions of mutation


   Skills:
 * Level 8.3 Fighting
 * Level 7.7 Axes
 + Level 4.1 Throwing
 + Level 6.3 Armour
 + Level 4.4 Dodging
 + Level 6.3 Shields
 + Level 4.1 Invocations
 + Level 3.6 Evocations


You had 8 spell levels left.
You didn't know any spells.
Your spell library was empty.

Dungeon Overview and Level Annotations

Branches:
Dungeon (7/15)             Temple (1/1) D:5          Bailey (1/1)

Altars:
Ashenzari
Cheibriados
Dithmenos
Elyvilon
Fedhas
Gozag
Hepliaklqana
Kikubaaqudgha
Makhleb
Nemelex Xobeh
Okawaru
Qazlal
Ru
Sif Muna
Trog
Uskayaw
Vehumet
Wu Jian
Xom
Zin
The Shining One

Shops:
D:5 ?

Annotations:
D:4 1 runed translucent door, SnailSD's ghost, amateur OpFi


Innate Abilities, Weirdness & Mutations

You have a pair of horns on your head.
You reflexively headbutt those who attack you in melee.


Message History

The gnoll hits you but does no damage.
You hit the gnoll but do no damage.
The gnoll is moderately wounded.
The gnoll hits you with a +0 hand axe.
* * * LOW HITPOINT WARNING * * *
You are confused.
You feel invigorated. The gnoll hits you with a +0 hand axe.
* * * LOW HITPOINT WARNING * * *
The orc knight roars a battlecry!
The orcs go into a battle-frenzy!
Okay, then.
The gnoll hits you with a +0 hand axe.
* * * LOW HITPOINT WARNING * * *
There is a broken gate here.
You closely miss the gnoll. Your headbutt misses the gnoll.
The gnoll is moderately wounded.
The gnoll hits you with a +0 hand axe. The gnoll attacks as you move away!
The gnoll hits you but does no damage.
You feel less invigorated.
You feel less confused.
The orc knight roars a battlecry!
There is a broken gate here.
You barely miss the orc knight. You headbutt the orc knight.
The orc knight is severely wounded.
You hit the gnoll but do no damage. The gnoll hits you with a +0 hand axe.
The orc knight hits you with a +0 battleaxe!
* * * LOW HITPOINT WARNING * * *
You hit the orc knight but do no damage.
Your headbutt misses the orc knight.
The orc knight is severely wounded.
You slash the gnoll!
You kill the gnoll!
Okawaru accepts your kill.
The orc knight grunts loudly.
The orc knight closely misses you. You furiously retaliate!
You headbutt the orc knight, but do no damage.
The orc warrior barely misses you. You furiously retaliate!
You headbutt the orc warrior!
The orc knight hits you with a +0 battleaxe!!
You die...

#.......... ♣♣♣♣♣
###))..).... ♣♣♣.♣.♣
###.#'#.....##
♣.....♣♣♣###.....###.###
♣♣♣......##..o......###
♣........#....o......#
♣♣.......'...........#
♣...∩.∩..ooo...).....#
♣♣.......@o..........#
♣.......#...........#
♣♣......##.........##
♣.....♣♣♣###.....###
♣♣♣.♣.♣ ###.#+# ♣♣♣♣♣
###


You could see an orc knight, 3 orc warriors and 2 orcs.

Vanquished Creatures
  Maggie (D:6)
  A wyvern (D:5)
  4 yaks (D:7)
  Eustachio (D:5)
  Menkaure (D:6)
  A water moccasin (D:7)
  A sky beast (D:7)
  3 orc warriors
  An ice beast (D:7)
  3 ogres (D:6)
  3 phantoms
  A necrophage (D:4)
  2 bullfrogs
  2 scorpions
  2 howler monkeys (D:7)
  Crazy Yiuf (D:2)
  5 jellies
  An orc priest (D:7)
  3 hounds
  3 iguanas
  Terence (D:2)
  An orc wizard (D:7)
  Robin (D:2)
  5 gnolls (Bailey)
  6 adders
  A worm (D:2)
  17 orcs
  6 ball pythons
  4 endoplasms
  3 giant cockroaches
  27 goblins
  16 hobgoblins
  3 kobolds
  2 quokkas
  5 bats
  3 frilled lizards (D:1)
  6 rats
  A spectral kobold (D:1)
148 creatures vanquished.

Vanquished Creatures (others)
  6 fungi (D:4)
  4 toadstools (D:4)
10 creatures vanquished.

Grand Total: 158 creatures vanquished

Notes
Turn   | Place    | Note
-------+----------+-------------------------------------------
     0 | D:1      | LabCoat the Minotaur Fighter began the quest for the Orb.
     0 | D:1      | Reached XP level 1. HP: 19/19 MP: 0/0
   115 | D:1      | Reached XP level 2. HP: 27/27 MP: 1/1
   175 | D:1      | Found a faded altar of an unknown god.
   980 | D:2      | Noticed Robin
   986 | D:2      | Reached skill level 4 in Fighting
  1046 | D:2      | Reached XP level 3. HP: 32/33 MP: 2/2
  1121 | D:2      | Killed Robin
  1237 | D:2      | Reached XP level 4. HP: 20/40 MP: 3/3
  1259 | D:2      | Reached skill level 1 in Dodging
  1495 | D:2      | Noticed Terence
  1506 | D:2      | Killed Terence
  1507 | D:2      | Reached skill level 1 in Invocations
  1618 | D:2      | Reached skill level 1 in Throwing
  1737 | D:2      | Found a runed translucent door.
  1738 | D:2      | Noticed Crazy Yiuf
  1747 | D:2      | Killed Crazy Yiuf
  1748 | D:2      | Reached skill level 1 in Evocations
  1748 | D:2      | Reached XP level 5. HP: 15/47 MP: 4/4
  2432 | D:3      | Found a bloodstained altar of Trog.
  2444 | D:3      | Found a hide-covered altar of Uskayaw.
  2657 | D:3      | Found a blossoming altar of Fedhas.
  3000 | D:4      | Noticed a phantom
  3008 | D:4      | Killed a phantom
  3015 | D:4      | Reached XP level 6. HP: 39/55 MP: 6/6
  3019 | D:4      | Reached skill level 5 in Fighting
  3194 | D:4      | Found a radiant altar of Vehumet.
  3225 | D:4      | Found a runed translucent door.
  3247 | D:4      | Noticed SnailSD's ghost (amateur OpFi)
  3820 | D:4      | Found an opulent altar of Gozag.
  3823 | D:4      | Found a stormy altar of Qazlal.
  3917 | D:5      | Entered Level 5 of the Dungeon
  3945 | D:5      | Noticed Eustachio
  3982 | D:5      | Killed Eustachio
  3983 | D:5      | Reached XP level 7. HP: 39/61 MP: 7/7
  4401 | D:5      | Found a staircase to the Ecumenical Temple.
  4439 | Temple   | Entered the Ecumenical Temple
  4626 | Temple   | Became a worshipper of Warmaster Okawaru
  4733 | D:5      | Reached skill level 5 in Axes
  4742 | D:5      | Reached skill level 6 in Fighting
  4863 | D:5      | Noticed a wyvern
  4875 | D:5      | Killed a wyvern
  4876 | D:5      | Reached skill level 5 in Armour
  4876 | D:5      | Reached skill level 5 in Shields
  5245 | D:5      | Reached XP level 8. HP: 70/70 MP: 8/8
  5252 | D:5      | Found Fosam's Magic Scroll Shoppe.
  5260 | D:5      | Bought a scroll of brand weapon for 123 gold pieces
  5641 | D:6      | Reached * piety under Okawaru
  5763 | D:6      | Noticed Menkaure
  5769 | D:6      | Killed Menkaure
  6039 | D:6      | Found a glowing golden altar of the Shining One.
  6120 | D:6      | Noticed Maggie
  6136 | D:6      | Killed Maggie
  6137 | D:6      | Reached skill level 7 in Fighting
  6903 | D:7      | Reached ** piety under Okawaru
  6904 | D:7      | Reached XP level 9. HP: 73/79 MP: 10/10
  7273 | D:7      | Reached *** piety under Okawaru
  7282 | D:7      | Reached skill level 8 in Fighting
  7374 | D:7      | Found a flagged portal.
  7384 | Bailey   | Entered a bailey
  7843 | Bailey   | Noticed an orc knight
  7899 | Bailey   | Mangled by an orc knight

Illustrated notes

Levels and vault maps discovered:
D:1:      enne_arrival_octagon_isle, layout_basic,
          dreamdust_ecumenical_altar_drowned_temple
D:2:      layout_rooms, uniq_crazy_yiuf_cottage, uniq_robin, uniq_terence
D:3:      layout_basic, fedhas_altar_4, jmf_multi_god_temple,
          hangedman_decor_clover_reticule, nrook_mini_vaults
D:4:      layout_basic, minitemple, nicolae_vehumet_altar_sigil,
          ebering_ghost_sewer_d, minmay_gold_behind_fungi
D:5:      layout_gridville, minmay_temple_entry_crystal_x, serial_shops,
          nicolae_shop_statue_plus, uniq_eustachio
D:6:      layout_basic, mainiacjoe_overflow_paths, uniq_menkaure, uniq_maggie
D:7:      layout_loops_ring, lemuel_mausoleum_altar_yredelemnul,
          lightli_bailey_entry_fortress
Temple:   minmay_temple_curvy_branch
Bailey:   bailey_axe_minmay_hex_keep, bailey

Skill      XL: |  1  2  3  4  5  6  7  8  9 |
---------------+----------------------------+-----
Fighting       | 4 5 6 7 8 |  8.3
Axes           | 3 4 5 6 7 |  7.7
Dodging        | 1 2 3 4 |  4.4
Armour         | 4 5 6 |  6.3
Invocations    | 1 2 3 4 |  4.1
Shields        | 4 5 6 |  6.3
Throwing       | 1 2 3 4 |  4.1
Evocations     | 1 2 3 |  3.6

Action                   |  1- 3 |  4- 6 |  7- 9 || total
-------------------------+-------+-------+-------++-------
Melee: War axe           |    69 |   115 |   205 ||   389
       Headbutt          |     7 |    10 |    39 ||    56
       Broad axe         |       |       |    17 ||    17
Throw: Dart              |    31 |    50 |    31 ||   112
Invok: Heroism           |       |       |     4 ||     4
Evoke: Wand              |       |       |     6 ||     6
  Use: Scroll            |     4 |     7 |     8 ||    19
       Potion            |     1 |     3 |     7 ||    11
Armor: Scale mail        |    33 |    63 |    68 ||   164
       Chain mail        |       |       |     3 ||     3
Dodge: Dodged            |    27 |    66 |    87 ||   180
Block: Buckler           |    18 |    32 |    43 ||    93
